 Dungeon Crawl Stone Soup version 0.29.1-1-gd02db6906a (webtiles) character file.

Game seed: 11184640544280128879

38352 Iusername the Peltast (level 13, -2/122 HPs)
             Began as a Minotaur Fighter on Sept 21, 2022.
             Was an Elder of Dithmenos.
             Slain by a blink frog (13 damage)
             ... on level 5 of the Lair of Beasts.
             The game lasted 00:43:14 (29430 turns).

Iusername the Peltast (Minotaur Fighter)           Turns: 29430, Time: 00:43:14

Health: -2/122     AC: 20    Str: 32    XL:     13   Next: 63%
Magic:  12/12      EV: 12    Int:  5    God:    Dithmenos [****..]
Gold:   852        SH:  0    Dex: 10    Spells: 12/12 levels left

rFire   . . .      SeeInvis .   J - +5 spear
rCold   . . .      Faith    .   s - +2 kite shield
rNeg    + . .      Spirit   .   l - +0 pearl dragon scales
rPois   .          Reflect  .   (helmet restricted)
rElec   .          Harm     .   C - +0 cloak
rCorr   .          Rampage  .   y - +0 pair of gloves
Will    .....                   (no boots)
Stlth   ..........              M - amulet of the acrobat
HPRegen 0.30/turn               m - +6 ring of strength
MPRegen 0.13/turn               (no ring)

@: confused, mighty, ambrosia-drunk, wreathed by umbra
A: horns 2, retaliatory headbutt
a: Renounce Religion, Shadow Step


You were on level 5 of the Lair of Beasts.
You worshipped Dithmenos.
Dithmenos was greatly pleased with you.
You visited 4 branches of the dungeon, and saw 18 of its levels.

You collected 852 gold pieces.

Inventory:

Hand Weapons
 c - a +4 double sword of protection
 o - a +4 spear of protection
 J - a +5 spear (weapon)
Missiles
 b - 5 javelins
 x - a throwing net
Armour
 l - +0 pearl dragon scales (worn)
 s - a +2 kite shield (worn)
 y - a +0 pair of gloves (worn)
 C - a +0 cloak (worn)
Jewellery
 d - a ring of see invisible
 f - a ring of willpower
 m - a +6 ring of strength (left hand)
 M - an amulet of the acrobat (around neck)
Wands
 a - a wand of digging (4)
 i - a wand of flame (43)
 q - a wand of paralysis (5) (quivered)
 u - a wand of acid (15)
 D - a wand of iceblast (8)
Scrolls
 e - 3 scrolls of teleportation
 j - a scroll of identify
 A - 2 scrolls of magic mapping
 G - 4 scrolls of amnesia
Potions
 h - 3 potions of mutation
 k - 3 potions of ambrosia
 n - a potion of might
 p - a potion of resistance {unknown}
 r - 3 potions of brilliance
 t - a potion of attraction
 w - 2 potions of flight
 B - 2 potions of magic {unknown}
 E - a potion of cancellation
 I - a potion of lignification


   Skills:
 + Level 13.0 Fighting
 - Level 10.0 Polearms
 + Level 0.3 Throwing
 + Level 14.7 Armour
 - Level 7.0 Dodging
 + Level 3.1 Stealth
 + Level 16.7 Shields
 + Level 0.7 Invocations
 + Level 1.7 Evocations


You had 12 spell levels left.
You didn't know any spells.
Your spell library contained the following spells:

 Spells                   Type           Power      Damage    Failure   Level
 Freeze                   Ice            0%         1d3       85%         1
 Necrotise                Necr           0%         1d4       85%         1
 Ensorcelled Hibernation  Hex/Ice        0%         N/A       94%         2
 Passwall                 Tmut/Erth      0%         N/A       94%         2
 Frozen Ramparts          Ice            0%         1d1       99%         3
 Swiftness                Air            0%         N/A       99%         3
 Vampiric Draining        Necr           0%         2d6       99%         3
 Animate Dead             Necr           0%         N/A       100%        4
 Hailstorm                Conj/Ice       0%         3d3       100%        4
 Passage of Golubria      Tloc           0%         N/A       100%        4
 Agony                    Necr           0%         N/A       100%        5
 Fireball                 Conj/Fire      0%         3d3       100%        5
 Silence                  Hex/Air        0%         N/A       100%        5
 Starburst                Conj/Fire      0%         6d3       100%        6
 Haunt                    Necr/Summ      0%         N/A       100%        7
 Ignition                 Fire           0%         3d3       100%        8
 Infestation              Necr           0%         N/A       100%        8
 Lehudib's Crystal Spear  Conj/Erth      0%         10d2      100%        8


Dungeon Overview and Level Annotations

Branches:
Dungeon (11/15)            Temple (1/1) D:5            Lair (4/5) D:10
 Shoals (0/4) Lair:3        Snake (1/4) Lair:3        Slime (0/5) Lair:4
    Orc: D:9-12

Altars:
Ashenzari
Cheibriados
Dithmenos
Elyvilon
Fedhas
Gozag
Hepliaklqana
Kikubaaqudgha
Makhleb
Nemelex Xobeh
Okawaru
Qazlal
Ru
Sif Muna
Trog
Uskayaw
Vehumet
Wu Jian
Xom
Yredelemnul
Zin
The Shining One

Shops:
D:7 *

Annotations:
D:7 3 runed translucent doors, CertainDeath's ghost, novice DrTm; Icepheonix32's ghost, novice MiFi; masschaos23's ghost, novice HOFi; ratmagoo's ghost, novice MiBe
Lair:1 3 runed translucent doors, Braxton's ghost, journeyman HOFi
Lair:4 1 runed translucent door


Innate Abilities, Weirdness & Mutations

You have a pair of horns on your head.
You reflexively headbutt those who attack you in melee.


Message History

The blink frog hits you but does no damage.
The yak gores you but does no damage.
You bump into the rock wall.
The blink frog closely misses you.
The blink frog blinks!
The yak gores you.
* * * LOW HITPOINT WARNING * * *
The blink frog blinks!
The yak misses you.
Things that are here:
a blink frog corpse; a blink frog corpse You closely miss the yak.
The blink frog hits you!
* * * LOW HITPOINT WARNING * * *
You're too confused to move!
The blink frog hits you!
* * * LOW HITPOINT WARNING * * *
The yak barely misses you. The blink frog closely misses you.
The blink frog hits you but does no damage.
You barely miss the yak.
The blink frog hits you but does no damage.
The yak gores you but does no damage. The blink frog hits you.
* * * LOW HITPOINT WARNING * * *
The blink frog hits you.
* * * LOW HITPOINT WARNING * * *
You closely miss the yak. You headbutt the yak!
The yak is moderately wounded.
Your shadow hits the yak with a spear. The blink frog hits you.
* * * LOW HITPOINT WARNING * * *
The blink frog blinks!
The blink frog closely misses you. The yak gores you but does no damage.
You hit the yak. Your headbutt misses the yak.
The yak is heavily wounded.
The blink frog blinks!
The blink frog hits you!
* * * LOW HITPOINT WARNING * * *
The yak closely misses you.
You impale the blink frog!! Your headbutt misses the blink frog.
The blink frog is heavily wounded.
The blink frog hits you but does no damage. x2
You closely miss the blink frog. Your headbutt misses the blink frog.
The blink frog is severely wounded.
The blink frog barely misses you.
The blink frog hits you but does no damage.
The yak barely misses you. The blink frog hits you!
You die...

##... (P.##....#...
#P...####.......#.... ##
##.....#..#..?......#
#.##PP....#.P...........
##................§.....
#................##.....
#......:..........PP[...
#.?....F.†.†............
......F@Y.#.............
#P.####.F...............
###...#...........
##..#......P..#.
###............
....#......#..
...........##. #..


You could see a yak and 3 blink frogs.

Vanquished Creatures
  Rupert (Lair:3)
  3 hydras
  A centaur warrior (D:9)
  3 two-headed ogres
  A mana viper (Snake:1)
  A deep elf pyromancer (D:9)
  A wolf spider (Lair:1)
  2 cyclopes (D:9)
  A naga mage (Snake:1)
  14 elephants
  3 black mambas
  3 cane toads
  Maggie (Lair:2)
  3 komodo dragons
  A kobold demonologist (D:8)
  A gargoyle (D:11)
  A yaktaur (D:11)
  4 rime drakes
  2 trolls
  2 polar bears (Lair:2)
  A snapping turtle (Lair:3)
  3 hornets
  4 dream sheep (Lair:3)
  A slime creature (D:9)
  7 blink frogs
  A shadow (D:10)
  A wyvern (D:7)
  A vampire (D:10)
  52 yaks
  3 basilisks
  A wraith (D:10)
  2 steam dragons (D:9)
  A vampire mosquito (D:9)
  4 nagas
  An acid dragon (D:9)
  6 water moccasins
  A sky beast (D:7)
  3 black bears
  4 orc warriors
  An ice beast (D:8)
  An ogre (D:4)
  16 wolves
  4 centaurs
  A phantom (D:6)
  6 kobold brigands
  Blork the orc (D:7)
  12 bullfrogs
  A necrophage (D:5)
  2 scorpions
  2 gnoll sergeants (D:6)
  28 wights
  8 killer bees
  2 electric eels (D:10)
  2 howler monkeys
  5 hounds
  9 orc priests
  4 jellies
  A gnoll bouda (D:7)
  3 iguanas
  10 orc wizards
  5 gnolls (D:7)
  17 adders
  A shadow imp (D:6)
  2 white imps
  An ufetubus (D:5)
  A worm (D:2)
  A dart slug (D:2)
  31 orcs
  9 endoplasms
  6 giant cockroaches
  9 goblins
  6 hobgoblins
  5 jackals
  15 kobolds
  3 quokkas
  4 ball pythons (D:1)
  4 bats (D:3)
  2 frilled lizards
  10 rats
397 creatures vanquished.

Vanquished Creatures (others)
  A centaur (D:9)
  50 fungi
  64 plants
115 creatures vanquished.

Grand Total: 512 creatures vanquished

Notes
Turn   | Place    | Note
-------+----------+-------------------------------------------
     0 | D:1      | Iusername the Minotaur Fighter began the quest for the Orb.
     0 | D:1      | Reached XP level 1. HP: 19/19 MP: 0/0
   194 | D:1      | Reached XP level 2. HP: 27/27 MP: 1/1
   411 | D:1      | Found a faded altar of an unknown god.
   560 | D:1      | Reached skill level 4 in Shields
   943 | D:2      | Reached XP level 3. HP: 31/33 MP: 2/2
  1025 | D:2      | Found a burning altar of Makhleb.
  1243 | D:2      | Identified the +0 dagger "Berch" {vorpal, rCorr}
  1322 | D:2      | Reached XP level 4. HP: 35/40 MP: 3/3
  1858 | D:3      | Found a broken altar of Ashenzari.
  1961 | D:3      | Found a hide-covered altar of Uskayaw.
  2126 | D:3      | Found a shimmering altar of Xom.
  2524 | D:4      | Noticed an ogre
  2529 | D:4      | Killed an ogre
  2530 | D:4      | Reached XP level 5. HP: 40/47 MP: 4/4
  2848 | D:4      | Reached skill level 1 in Dodging
  3010 | D:4      | Reached skill level 5 in Polearms
  3146 | D:4      | Reached XP level 6. HP: 4/53 MP: 5/5
  4546 | D:5      | Entered Level 5 of the Dungeon
  5518 | D:5      | Reached skill level 5 in Armour
  5704 | D:5      | Identified the +1 robe "Unaed" {Int+7}
  5780 | D:5      | Found a staircase to the Ecumenical Temple.
  6038 | Temple   | Entered the Ecumenical Temple
  6133 | Temple   | Became a worshipper of Dithmenos the Shadowed
  6523 | D:6      | Reached XP level 7. HP: 59/60 MP: 6/6
  6539 | D:6      | Reached skill level 5 in Fighting
  7159 | D:6      | Reached skill level 1 in Stealth
  7250 | D:6      | Reached XP level 8. HP: 62/68 MP: 7/7
  7502 | D:6      | Noticed Blork the orc
  7979 | D:7      | Killed Blork the orc
  8368 | D:6      | Reached skill level 5 in Shields
 10215 | D:7      | Reached XP level 9. HP: 75/75 MP: 8/8
 10253 | D:7      | Reached * piety under Dithmenos
 10762 | D:7      | Found a runed translucent gate.
 10762 | D:7      | Noticed CertainDeath's ghost (novice DrTm)
 10763 | D:7      | Found a runed translucent gate.
 10764 | D:7      | Found a runed translucent gate.
 10764 | D:7      | Noticed masschaos23's ghost (novice HOFi)
 10764 | D:7      | Noticed Icepheonix32's ghost (novice MiFi)
 10764 | D:7      | Noticed ratmagoo's ghost (novice MiBe)
 10901 | D:7      | Found Cyrhicu's Assorted Antiques.
 11185 | D:8      | Paralysed by a hornet for 2 turns
 11677 | D:8      | Paralysed by a hornet for 2 turns
 11686 | D:8      | Reached skill level 6 in Shields
 12190 | D:8      | Reached skill level 10 in Armour
 12625 | D:8      | Found a bloodstained altar of Trog.
 13279 | D:9      | Noticed a kobold demonologist
 13288 | D:9      | Noticed a red devil
 13290 | D:9      | Noticed an orange demon
 13330 | D:8      | Noticed a red devil
 13333 | D:8      | Killed a kobold demonologist
 13334 | D:8      | Reached skill level 7 in Shields
 13739 | D:9      | Reached XP level 10. HP: 69/84 MP: 9/9
 13926 | D:9      | Found a hide-covered altar of Uskayaw.
 14046 | D:9      | Reached ** piety under Dithmenos
 14391 | D:9      | Reached skill level 8 in Shields
 14411 | D:9      | Reached skill level 10 in Polearms
 14790 | D:9      | Reached skill level 5 in Dodging
 15056 | D:9      | Found a blossoming altar of Fedhas.
 15082 | D:9      | Reached skill level 9 in Shields
 15473 | D:9      | Noticed a two-headed ogre
 15483 | D:9      | Killed a two-headed ogre
 15682 | D:9      | Noticed a cyclops
 15682 | D:9      | Noticed a cyclops
 15703 | D:9      | Killed a cyclops
 15713 | D:9      | Killed a cyclops
 15714 | D:9      | Reached XP level 11. HP: 71/95 MP: 7/10
 15719 | D:9      | Reached skill level 10 in Shields
 16092 | D:9      | Noticed a centaur warrior
 16092 | D:9      | Noticed a deep elf pyromancer
 16100 | D:9      | Killed a centaur warrior
 16112 | D:9      | Killed a deep elf pyromancer
 16596 | D:9      | Reached skill level 1 in Evocations
 16622 | D:9      | Found a bloodstained altar of Trog.
 16882 | D:10     | Entered Level 10 of the Dungeon
 17130 | D:10     | Found a staircase to the Lair.
 17149 | D:10     | Reached skill level 11 in Shields
 17193 | D:10     | Reached *** piety under Dithmenos
 17200 | D:10     | Noticed a two-headed ogre
 17212 | D:10     | Killed a two-headed ogre
 18332 | D:10     | Found a shimmering blue altar of Sif Muna.
 18837 | D:11     | Noticed a two-headed ogre
 18847 | D:11     | Killed a two-headed ogre
 18848 | D:11     | Reached skill level 10 in Fighting
 18848 | D:11     | Reached skill level 12 in Shields
 19005 | D:11     | Noticed an eight-headed hydra
 19018 | D:11     | Killed an eight-headed hydra
 19185 | D:11     | Found a gate leading to a gauntlet.
 19668 | Lair:1   | Entered Level 1 of the Lair of Beasts
 19668 | Lair:1   | Found a runed translucent gate.
 19668 | Lair:1   | Found a runed translucent gate.
 19668 | Lair:1   | Found a runed translucent gate.
 19673 | Lair:1   | Noticed a minotaur
 19691 | Lair:1   | Reached XP level 12. HP: 97/107 MP: 11/11
 20659 | Lair:1   | Reached skill level 13 in Shields
 20680 | Lair:1   | Reached **** piety under Dithmenos
 21198 | Lair:1   | Noticed a seven-headed hydra
 21211 | Lair:1   | Killed a seven-headed hydra
 21655 | Lair:1   | Noticed Braxton's ghost (journeyman HOFi)
 22816 | Lair:2   | Reached skill level 14 in Shields
 23256 | Lair:2   | Noticed Maggie
 23268 | Lair:2   | Killed Maggie
 23943 | Lair:3   | Found a staircase to the Snake Pit.
 24171 | Lair:3   | Reached skill level 15 in Shields
 24609 | Lair:3   | Reached XP level 13. HP: 118/118 MP: 12/12
 24731 | Lair:3   | Noticed Rupert
 24754 | Lair:3   | Killed Rupert
 25692 | Lair:3   | Found a staircase to the Shoals.
 26513 | Snake:1  | Entered Level 1 of the Snake Pit
 27539 | Lair:4   | Noticed an acid blob
 27539 | Lair:4   | Found a runed translucent door.
 27539 | Lair:4   | Found a staircase to the Slime Pits.
 27904 | Lair:4   | Reached skill level 16 in Shields
 28640 | Lair:4   | Identified the +4 ring mail "Heppaw" {rF+ rCorr}
 29356 | Lair:4   | You fall into a shaft and drop 1 floor!
 29356 | Lair:5   | Entered Level 5 of the Lair of Beasts
 29428 | Lair:5   | HP: 5/122 [blink frog (10)]
 29430 | Lair:5   | Slain by a blink frog

Illustrated notes

Levels and vault maps discovered:
D:1:      dpeg_arrival_rhombi, layout_loops_ring,
          shapermc_ecumenical_altar_mp_vishouse, chequers_serial_rivers_small_3,
          nicolae_figureground_pulse
D:2:      layout_loops_ring, basic_altar, hex_large, grunt_decor_one_mirror
D:3:      layout_basic, overflow_temple_1_default, old_standard_altar,
          mainiacjoe_overflow_alcove_1
D:4:      layout_basic
D:5:      layout_basic, temple_hall
D:6:      layout_gridville, sword_in_stone
D:7:      layout_basic, gammafunk_ghost_cemetery, serial_shops,
          kennysheep_little_box, st_stairs_4
D:8:      layout_basic, mainiacjoe_overflow_alcove_2, kennysheep_generic_room_2
D:9:      nzn_winding_woodlands_stair_cross
          [nzn_winding_woodlands_5x15_lazy_stream,
          nzn_winding_woodlands_center_lodge,
          nzn_winding_woodlands_5x15_crooked, nzn_winding_woodlands_hourglass,
          nzn_winding_woodlands_5x5_cross, nzn_winding_woodlands_5x15_garden,
          nzn_winding_woodlands_center_diamonds,
          nzn_winding_woodlands_5x15_pockets], layout_irregular_city,
          enter_bailey_4, hangedman_feature_mirror, kennysheep_diamond
D:10:     layout_rooms, nicolae_sif_muna_little_library,
          due_lair_maze_entry_diamond, minivault_14
D:11:     layout_irregular_city, gauntlet_entry_generic
Temple:   minmay_temple_bridge_d
Lair:1:   minmay_lair_venomous_thicket, layout_misc_corridors,
          maelrawn_ghost_gauntlet_escape
Lair:2:   layout_gridlike, uniq_maggie
Lair:3:   layout_big_grid, minmay_shoals_entry_hut, guppyfry_snake_entry_garden,
          lemuel_fruit_tree, uniq_rupert
Lair:4:   layout_layer_cave, slime_entry_2
Lair:5:   due_jungle_book, layout_misc_corridors, ebering_ghost_inner_flame
Snake:1:  layout_misc_corridors, serial_shops, nicolae_shop_stone,
          nicolae_shop_firing_range, serial_bayou_shore_b

Skill      XL: |  1  2  3  4  5  6  7  8  9 10 11 12 13 |
---------------+----------------------------------------+-----
Armour         | 4 5 7 9 10 11 12 13 14 | 14.7
Shields        | 4 5 7 9 12 15 16 | 16.7
Fighting       | 4 5 6 8 10 12 13 | 13.0
Polearms       | 3 4 5 6 7 8 9 10 | 10.0
Dodging        | 1 2 3 4 5 6 7 |  7.0
Stealth        | 1 2 3 |  3.1
Evocations     | 1 |  1.7
Throwing       | |  0.3
Invocations    | |  0.7

Action                   |  1- 3 |  4- 6 |  7- 9 | 10-12 | 13-15 || total
-------------------------+-------+-------+-------+-------+-------++-------
Melee: Trident           |    98 |   157 |    11 |       |       ||   266
       Headbutt          |     7 |    18 |    50 |   217 |   101 ||   393
       Spear             |       |       |   336 |   943 |   350 ||  1629
Throw: Javelin           |       |       |     2 |       |       ||     2
Invok: Shadow Step       |       |       |       |     1 |       ||     1
Evoke: Wand              |       |       |     1 |     6 |     3 ||    10
  Use: Potion            |       |     1 |     2 |    19 |     6 ||    28
       Scroll            |       |    11 |     9 |    16 |     2 ||    38
Armor: Scale mail        |    26 |    38 |       |       |       ||    64
       Pearl dragon scal |       |     1 |   111 |   387 |   108 ||   607
Dodge: Dodged            |    30 |    47 |   121 |   322 |   159 ||   679
Block: Buckler           |    15 |    16 |    12 |       |       ||    43
       Kite shield       |       |       |   142 |   552 |   251 ||   945
